 Dungeon Crawl Stone Soup version 0.30.1-11-g7821555f0a (webtiles) character file.

Game seed: 9024865859111084425

140 SacredBeard the Grave Robber (level 5, -4/28 (35) HPs)
             Began as a Demonspawn Necromancer on Oct 27, 2023.
             Slain by Edmund
             ... wielding a +2 dire flail of draining
              (8 damage)
             ... on level 4 of the Dungeon.
             The game lasted 00:09:16 (2920 turns).

SacredBeard the Grave Robber (DsNe)                 Turns: 2920, Time: 00:09:16

HP:   -4/28 (35)    AC:  9    Str: 14    XL:     5   Next: 2%
MP:   9/9           EV:  9    Int: 18    God:
Gold: 130           SH:  0    Dex: 14    Spells: 9/10 levels left

rFire   + . .        m - +2 short sword (speed)
rCold   . . .        (no shield)
rNeg    . . .        G - +3 scale mail {rF+}
rPois   .            (helmet restricted)
rElec   .            (no cloak)
rCorr   .            (no gloves)
SInv    .            (no boots)
Will    .....        (no amulet)
Stlth   +            L - +6 ring of strength
HPRegen 0.24/turn    (no ring)
MPRegen 0.11/turn

%: no passive effects
@: heavily drained
A: horns 1, demonic magic 1
a: no special abilities


You were on level 4 of the Dungeon.
You visited 1 branch of the dungeon, and saw 4 of its levels.

You collected 152 gold pieces.
You spent 22 gold pieces at shops.

Inventory:

Hand Weapons
 a - a +0 club
 f - a +0 dagger
 m - a +2 short sword of speed (weapon)
Armour
 c - a +0 leather armour
 i - a +0 robe
 G - a +3 scale mail of fire resistance (worn)
Jewellery
 L - a +6 ring of strength (left hand)
Wands
 B - a wand of paralysis (14)
 E - a wand of quicksilver (12)
Scrolls
 d - 4 scrolls of identify
 e - a scroll of blinking {unknown}
 g - 2 scrolls of vulnerability {unknown}
 h - a scroll of noise {unknown}
 k - a scroll of amnesia {unknown}
 l - a scroll of fog {unknown}
 u - a scroll of poison {unknown}
 x - a scroll of silence {unknown}
 K - a scroll of enchant weapon {unknown}
Potions
 b - a potion of magic
 j - a potion of brilliance {unknown}
 p - a potion of curing {unknown}
 s - 3 potions of heal wounds {unknown}
 t - a potion of haste {unknown}
 v - 3 potions of lignification {unknown}
 J - a potion of might {unknown}


   Skills:
 + Level 1.4 Armour
 - Level 2.0 Dodging
 - Level 2.0 Stealth
 * Level 3.2 Spellcasting
 * Level 5.4 Necromancy
 + Level 0.7 Evocations


You had 9 spell levels left.
You knew the following spells:

 Your Spells              Type           Power      Damage    Failure   Level
a - Necrotise             Necr           88%        1d8       8%          1

Your spell library contained the following spells:

 Spells                   Type           Power      Damage    Failure   Level
 Vampiric Draining        Necr           22%        2d7       22%         3
 Apportation              Tloc           4%         N/A       56%         1
 Shock                    Conj/Air       8%         1d3       56%         1
 Summon Small Mammal      Summ           8%         N/A       56%         1
 Animate Dead             Necr           22%        N/A       58%         4
 Agony                    Necr           22%        N/A       90%         5
 Swiftness                Air            2%         N/A       91%         3
 Airstrike                Air            1%         2d(1-17)  100%        4


Dungeon Overview and Level Annotations

Branches:
Dungeon (4/15) Zot: 21095
 Temple: D:4-7

Altars:
Vehumet

Shops:
D:1 *

Annotations:
D:4 Edmund


Innate Abilities, Weirdness & Mutations

You have a pair of small horns on your head.
Spells you cast may paralyse adjacent enemies.


Message History

Your hobgoblin skeleton hits the ball python.
The ball python bites your hobgoblin skeleton.
The ball python constricts your hobgoblin skeleton.
Your hobgoblin skeleton barely misses the ball python.
The ball python bites your hobgoblin skeleton.
Your hobgoblin skeleton is destroyed!
Found 17 gold pieces.
The ball python bites you. The ball python grabs you.
The ball python constricts you.
You closely miss the ball python.
The ball python is moderately wounded.
The ball python bites you but does no damage.
The ball python constricts you.
You hit the ball python.
You kill the ball python!
No target in view!
You can't see any susceptible monsters within range! (Use Z to cast anyway.)
You now have 130 gold pieces (gained 17).
Edmund the Younger comes into view.
He is wielding a +2 dire flail of draining.
Edmund shouts!
Edmund drinks a potion.
Edmund flickers and vanishes!
Deactivating autopickup; reactivate with Ctrl-A.
No target in view!
You can't see any susceptible monsters within range! (Use Z to cast anyway.)
You can't see any susceptible monsters within range! (Use Z to cast anyway.)
Something hits you.
You feel drained.
You hit something but do no damage. You hit something but do no damage.
Something hits you!
You feel drained.
You hit something but do no damage. Something hits you but does no damage.
You feel drained.
You miss something. You hit something. Your headbutt misses something.
Something hits you!
* * * LOW HITPOINT WARNING * * *
You feel drained.
* * * LOW HITPOINT WARNING * * *
You hit something. Something hits you.
* * * LOW HITPOINT WARNING * * *
You feel drained.
You miss something. Something hits you!
You die...

##.....## ##.......## ##
#.........# .#
#.........# .#
#.........#
.####.........#
...##.........##
.#.....†.......########..
.##.............@........
.#..#.........#######..#.
.#.##.........# ##.
#.........#
...##.........#
##..##.......##
##...##.....## #
..####.## # . ...


There were no monsters in sight!

Vanquished Creatures
  Ijyb (D:3)
  5 adders
  A river rat (D:3)
  A dart slug (D:4)
  4 orcs (D:3)
  7 ball pythons
  2 bats (D:3)
  3 endoplasms
  4 giant cockroaches
  6 goblins
  6 hobgoblins
  4 jackals (D:2)
  2 quokkas (D:3)
  A frilled lizard (D:2)
  2 kobolds
  2 rats (D:2)
51 creatures vanquished.

Vanquished Creatures (collateral kills)
  A ball python (D:2)
  A bat (D:3)
2 creatures vanquished.

Grand Total: 53 creatures vanquished

Notes
Turn   | Place    | Note
-------+----------+-------------------------------------------
     0 | D:1      | SacredBeard the Demonspawn Necromancer began the quest for
                  | the Orb.
     0 | D:1      | Reached XP level 1. HP: 13/13 MP: 3/3
   189 | D:1      | Found Voenil's General Store.
   198 | D:1      | Bought a scroll of identify for 22 gold pieces
   577 | D:2      | Gained mutation: You have a pair of small horns on your
                  | head. [demonic ancestry]
   577 | D:2      | Reached XP level 2. HP: 7/19 MP: 5/5
   824 | D:2      | Reached XP level 3. HP: 9/24 MP: 1/6
   915 | D:2      | Found a faded altar of an unknown god.
  1136 | D:2      | Reached skill level 1 in Armour
  1619 | D:3      | Reached skill level 5 in Necromancy
  1748 | D:3      | Gained mutation: Spells you cast may paralyse adjacent
                  | enemies. [demonic ancestry]
  1748 | D:3      | Reached XP level 4. HP: 30/30 MP: 8/8
  2087 | D:3      | Noticed Ijyb
  2096 | D:3      | Killed Ijyb
  2718 | D:4      | Found a radiant altar of Vehumet.
  2748 | D:4      | Reached XP level 5. HP: 35/35 MP: 6/9
  2906 | D:4      | Noticed Edmund
  2920 | D:4      | Slain by Edmund

Illustrated notes

Levels and vault maps discovered:
D:1:      spicycebolla_green_bress_n_ham, layout_rooms, serial_shops, shop
D:2:      layout_loops_ring, hellmonk_ecumenical_altar_crossroads,
          minmay_fractal_squares_5
D:3:      layout_loops_ring, gup_sewer_entry_bowl, corner_web_ring, uniq_ijyb
D:4:      layout_rooms, vehumet_crystals, minmay_temple_entry_slanted,
          uniq_edmund

Skill      XL: |  1  2  3  4 |
---------------+-------------+-----
Dodging        | 2 |  2.0
Stealth        | 2 |  2.0
Armour         | 1 |  1.4
Necromancy     | 5 |  5.4
Spellcasting   | 3 |  3.2
Evocations     | |  0.7

Action                     |  1- 3 |  4- 6 || total
---------------------------+-------+-------++-------
  Melee: Short sword       |    32 |    26 ||    58
         Dagger            |     2 |       ||     2
         Headbutt          |     3 |     1 ||     4
   Cast: Necrotise         |    37 |    36 ||    73
   Stab: Sleeping          |     1 |       ||     1
 Armour: Robe              |     6 |     1 ||     7
         Scale mail        |       |     5 ||     5
  Dodge: Dodged            |    15 |     8 ||    23
